 Dungeon Crawl Stone Soup version 0.31-a0-204-g7da18cac08 (webtiles) character file.

Game seed: 2642600395822895307

113483 123456 the Slayer (level 16, -11/169 HPs)
             Began as a Minotaur Fighter on June 27, 2023.
             Was an Initiate of Gozag.
             Mangled by an alligator snapping turtle (15 damage)
             ... on level 2 of the Shoals.
             The game lasted 00:52:39 (29198 turns).

123456 the Slayer (Minotaur Fighter)               Turns: 29198, Time: 00:52:40

Health: -11/169    AC: 28    Str: 34    XL:     16   Next: 14%
Magic:  6/15       EV: 17    Int:  8    God:    Gozag
Gold:   1282       SH:  0    Dex: 10    Spells: 15/15 levels left

rFire   . . .        o - +7 sceptre of Torment {pain, torment}
rCold   + + .        c - +0 buckler
rNeg    + + +        Q - +5 chain mail of Sulele {rCorr Str+7 Int+3 SInv}
rPois   +            M - +2 hat
rElec   +            e - +2 cloak {rPois}
rCorr   +            v - +2 pair of gloves {infuse}
SInv    +            (no boots)
Will    +....        J - amulet of reflection Stlth
                     N - ring "Locveudgheka" {Contam rElec rC++ rN+++ EV+5}
HPRegen 0.48/turn    K - +4 ring of slaying
MPRegen 0.14/turn

%: reflection, infuse magic (1 MP)
@: confused, ambrosia-drunk
A: horns 2, retaliatory headbutt, iridescent scales 1, poison resistance, weak 1
a: Renounce Religion, Potion Petition, Call Merchant, Bribe Branch


You were on level 2 of the Shoals.
You worshipped Gozag.
Gozag was most pleased with you.
You visited 5 branches of the dungeon, and saw 25 of its levels.
You also visited: Gauntlet.

You collected 8554 gold pieces.
You spent 5696 gold pieces at shops.
You paid 1576 gold pieces to Gozag.

Inventory:

Hand Weapons
 o - the +7 sceptre of Torment (weapon) {pain, torment}
   (You bought it in a shop on level 11 of the Dungeon)
 L - a +1 demon whip of venom
Missiles
 H - a throwing net
Armour
 c - a +0 buckler (worn)
 e - a +2 cloak of poison resistance (worn)
 q - +0 storm dragon scales
 v - a +2 pair of gloves of infusion (worn)
 w - a +2 plate armour of fire resistance
 M - a +2 hat (worn)
 Q - the +5 chain mail of Sulele (worn) {rCorr Str+7 Int+3 SInv}
   (You bought it in a shop on level 15 of the Dungeon)

   Str:       It affects your strength (+7).
   Int:       It affects your intelligence (+3).
   SInv:      It lets you see invisible.
   rCorr:     It protects you from acid and corrosion.
Jewellery
 p - a ring of protection from fire
 x - a ring of ice
 J - an amulet of reflection (around neck)
 K - a +4 ring of slaying (right hand)
 N - the ring "Locveudgheka" (left hand) {Contam rElec rC++ rN+++ EV+5}
   (You found it on level 10 of the Dungeon)

   [ring of evasion]

   EV:        It affects your evasion (+5).
   rC:        It greatly protects you from cold.
   rElec:     It insulates you from electricity.
   rN:        It renders you almost immune to negative energy.
   Contam:    It causes magical contamination when unequipped.
 S - a +6 ring of dexterity
 X - a +4 ring of slaying
Wands
 O - a wand of roots (7)
 R - a wand of polymorph (2)
 T - a wand of flame (20)
 V - a wand of quicksilver (9)
Scrolls
 f - 4 scrolls of teleportation
 i - a scroll of fog
 j - a scroll of revelation
 n - 5 scrolls of vulnerability
 r - a scroll of silence
 y - 2 scrolls of acquirement {unknown}
 C - 7 scrolls of poison
 D - 2 scrolls of enchant armour {unknown}
 E - 7 scrolls of torment
 W - a scroll of immolation {unknown}
Potions
 d - 6 potions of might
 l - a potion of magic {unknown}
 m - 5 potions of lignification
 t - 4 potions of enlightenment
 A - a potion of berserk rage {unknown}
 B - 3 potions of invisibility {unknown}
 F - 2 potions of brilliance {unknown}
 G - 6 potions of ambrosia
 I - 2 potions of resistance
 P - 4 potions of haste {unknown}
 Y - 3 potions of cancellation {unknown}
Miscellaneous
 a - a phial of floods
 b - a box of beasts
 g - a piece from Xom's chessboard (13/15)
 U - a phantom mirror (inert)


   Skills:
 * Level 22.0 Fighting
 * Level 21.9 Maces & Flails
 - Level 11.6 Armour
 - Level 10.0 Dodging
 - Level 3.6 Shields


You had 15 spell levels left.
You didn't know any spells.
Your spell library contained the following spells:

 Spells                   Type           Power      Damage    Failure   Level
 Magic Dart               Conj           0%         1d3       80%         1
 Shock                    Conj/Air       0%         1d3       80%         1
 Slow                     Hex            0%         N/A       80%         1
 Sting                    Tmut/Pois      0%         1d3       80%         1
 Call Imp                 Summ           0%         N/A       91%         2
 Ensorcelled Hibernation  Hex/Ice        0%         N/A       91%         2
 Poisonous Vapours        Pois/Air       0%         N/A       91%         2
 Confusing Touch          Hex            0%         N/A       99%         3
 Dazzling Flash           Conj/Hex       0%         N/A       99%         3
 Hailstorm                Conj/Ice       0%         3d3       99%         3
 Mephitic Cloud           Conj/Pois/Air  0%         N/A       99%         3
 Portal Projectile        Hex/Tloc       0%         N/A       99%         3
 Swiftness                Air            0%         N/A       99%         3
 Tukima's Dance           Hex            0%         N/A       99%         3
 Vampiric Draining        Necr           0%         2d6       99%         3
 Airstrike                Air            0%         2d(0-16)  100%        4
 Ice Form                 Ice/Tmut       0%         N/A       100%        4
 Manifold Assault         Tloc           0%         N/A       100%        4
 Olgreb's Toxic Radiance  Pois           0%         N/A       100%        4
 Summon Ice Beast         Ice/Summ       0%         N/A       100%        4
 Agony                    Necr           0%         N/A       100%        5
 Blade Hands              Tmut           0%         N/A       100%        5
 Borgnjor's Vile Clutch   Necr/Erth      0%         N/A       100%        5
 Silence                  Hex/Air        0%         N/A       100%        5
 Summon Mana Viper        Hex/Summ       0%         N/A       100%        5
 Death Channel            Necr           0%         N/A       100%        6
 Dispersal                Tloc           0%         N/A       100%        6
 Monstrous Menagerie      Summ           0%         N/A       100%        7
 Ozocubu's Refrigeration  Ice            0%         4d7       100%        7
 Borgnjor's Revivificati  Necr           0%         N/A       100%        8
 Disjunction              Tloc           0%         N/A       100%        8
 Necromutation            Tmut/Necr      0%         N/A       100%        8
 Death's Door             Necr           0%         N/A       100%        9
 Polar Vortex             Ice            0%         N/A       100%        9
 Animate Dead             Necr           Unusable   N/A       N/A         4
 Simulacrum               Ice/Necr       Unusable   N/A       N/A         6

Dungeon Overview and Level Annotations

Branches:
Dungeon (15/15)            Temple (1/1) D:4            Lair (5/5) D:10
 Shoals (2/4) Lair:2       Spider (0/4) Lair:3        Slime (0/5) Lair:4
    Orc (2/2) D:12            Elf (0/3) Orc:2        Vaults (0/5) D:13
 Depths (0/4) D:15        Gauntlet (visited)

Altars:
Ashenzari
Cheibriados
Dithmenos
Elyvilon
Fedhas
Gozag
Hepliaklqana
Kikubaaqudgha
Makhleb
Nemelex Xobeh
Okawaru
Qazlal
Ru
Sif Muna
Trog
Uskayaw
Vehumet
Wu Jian
Xom
Yredelemnul
Zin
The Shining One
Jiyva

Shops:
D:2 (   D:4 =   D:6 =   D:11 (   D:12 [   D:15 *[   Orc:2 *[(:

Portals:
Abyss: D:10

Annotations:
D:10 1 transporter, Brisketman's ghost, journeyman FoIE
Lair:4 exclusion: oklob plant
Shoals:1 1 runed translucent door, exclusion: oklob plant, Cufutal's ghost, adept MiHu


Innate Abilities, Weirdness & Mutations

You have a pair of horns on your head.
You reflexively headbutt those who attack you in melee.
You are partially covered in iridescent scales. (AC +2)
Your system is resistant to poisons. (rPois)
You are weak. (Str -2)


Message History

The puff of flame hits the alligator snapping turtle.
The alligator snapping turtle is lightly wounded.
The water nymph shouts!
Aiming: Throw Flame
Press: ? - help, Shift-Dir - straight line, f/p - alligator snapping turtle
Aim: an alligator snapping turtle (lightly wounded, 100% to hit)
The puff of flame hits the alligator snapping turtle but does no damage.
The alligator snapping turtle is lightly wounded.
Aiming: Throw Flame
Press: ? - help, Shift-Dir - straight line, f/p - alligator snapping turtle
Aim: an alligator snapping turtle (lightly wounded, 100% to hit)
The puff of flame hits the alligator snapping turtle but does no damage.
The alligator snapping turtle is lightly wounded.
Aiming: Phantom Mirror
Press: ? - help, Dir - move target, f - water nymph, p - alligator snapping turtle
Aim: a water nymph You reflect the water nymph with the mirror!
The mirror clouds!
Your water nymph completely misses the water nymph.
The water nymph flows with the water.
The alligator snapping turtle is engulfed in a cloud of scalding steam.
The alligator snapping turtle misses you.
You make a move on Xom's chessboard...
The water nymph seems to grow stronger.
You block the water nymph's attack.
You make a move on Xom's chessboard...
Nothing appears to happen.
The alligator snapping turtle closely misses you.
Your water nymph touches the alligator snapping turtle.
The water nymph touches you.
* * * LOW HITPOINT WARNING * * *
The water nymph drowns you!
* * * LOW HITPOINT WARNING * * *
The water nymph's watery aura covers the stone staircase leading up.
Splash!
You fall into the shallow water.
Moving in this stuff is going to be slow.
You are confused.
You feel invigorated.
The alligator snapping turtle bites you from afar!
You die...
Your body crumbles into a pile of gold.

≈≈≈≈≈≈~≈≈≈≈≈≈≈≈
~≈≈≈~~~~~≈≈≈≈≈≈
~~~~~~~~~~≈≈≈≈≈
~~~~~~~~~~~≈≈≈≈
~~~~~~~~~~~P~PP
~~...~~~~~~PPPP
......~~m~~PPP~
.......@...PP~P
##..§.§..###$..
#~~§t§.##
..~~m§...
..~~~~?..
.~~/.....#
.~.###.### .##
## $


You could see an alligator snapping turtle, a water nymph (strong, ally target)
and a friendly water nymph (summoned, drained).

Vanquished Creatures
  Jorgrun (Orc:1)
  Rupert (D:15)
  An orc warlord (Orc:2)
  Nessos (D:15)
  A minotaur (Gauntlet)
  2 dire elephants (D:15)
  A fire dragon (D:13)
  Snorg (Orc:1)
  An ogre mage (D:13)
  2 catoblepae
  4 centaur warriors
  5 hydras
  Erica (Lair:1)
  8 two-headed ogres
  2 boulder beetles
  A merfolk aquamancer (Shoals:1)
  A death knight (D:15)
  6 death yaks (Gauntlet)
  5 orc high priests (Orc:2)
  2 tengu warriors
  Sonja (Orc:1)
  A deep elf knight (D:15)
  3 sun demons
  2 skysharks
  A sixfirhy (D:13)
  Amaemon (Lair:1)
  Pikel (D:9)
  A deep elf archer (D:15)
  2 deep elf pyromancers
  3 wizards
  A deep elf zephyrmancer (D:15)
  2 necromancers
  4 orc knights
  3 harpies (Shoals:1)
  A lindwurm (Lair:5)
  A faun (Shoals:1)
  17 ugly things
  5 orc sorcerers
  A manticore (D:15)
  A cyclops (D:15)
  A merfolk siren (Shoals:1)
  A guardian serpent (D:13)
  A naga mage (D:15)
  9 elephants
  8 black mambas
  3 slime creatures
  14 cane toads
  2 orange demons
  3 torpor snails
  Maggie (Lair:1)
  An unseen horror (D:12)
  3 rime drakes
  A centaur skeleton (D:15)
  13 komodo dragons
  2 freezing wraiths (D:15)
  A kobold demonologist (D:13)
  5 yaktaurs (D:15)
  An efreet (D:15)
  A red devil (D:14)
  10 trolls
  A queen bee (D:13)
  3 meliai (D:13)
  2 merfolk (Shoals:1)
  4 polar bears
  A harpy skeleton (D:15)
  3 hellwings (D:14)
  5 hornets (Lair:5)
  A tarantella (D:14)
  Prince Ribbit (D:9)
  12 blink frogs
  A raiju (D:15)
  A blink frog (shapeshifter) (D:15)
  8 dream sheep (Lair:5)
  12 spriggans (Lair:5)
  5 wyverns
  2 vampires
  A ynoxinul (D:14)
  5 water elementals (Shoals:1)
  3 wraiths
  A steam dragon (D:8)
  50 yaks
  3 basilisks
  2 chaos spawn (D:14)
  4 redbacks (D:14)
  5 wargs
  10 vampire mosquitoes
  3 acid dragons
  19 water moccasins
  2 sky beasts (D:6)
  2 ice beasts (D:6)
  9 black bears
  26 orc warriors
  10 ogres
  28 wolves
  4 boggarts (Lair:5)
  A lemure (D:9)
  7 centaurs
  12 kobold brigands
  4 gnoll sergeants
  17 bullfrogs
  2 scorpions (D:6)
  8 wights
  27 killer bees
  4 howler monkeys
  4 electric eels (Lair:5)
  7 jellies
  13 orc priests
  2 hounds
  3 gnoll boudas
  6 iguanas
  22 orc wizards
  A sleepcap (D:6)
  A boggart simulacrum (D:15)
  25 gnolls
  13 adders
  2 shadow imps
  5 white imps
  3 ufetubi
  A dart slug (D:4)
  63 orcs
  9 endoplasms
  2 giant cockroaches
  6 goblins
  11 hobgoblins
  7 jackals
  4 quokkas
  6 ball pythons
  9 bats
  3 frilled lizards (D:1)
  23 kobolds
  9 rats
771 creatures vanquished.

Vanquished Creatures (others)
  A merfolk aquamancer (Shoals:1)
  An ugly thing (D:14)
  A water elemental (Shoals:1)
3 creatures vanquished.

Grand Total: 774 creatures vanquished

Notes
Turn   | Place    | Note
-------+----------+-------------------------------------------
     0 | D:1      | 123456 the Minotaur Fighter began the quest for the Orb.
     0 | D:1      | Reached XP level 1. HP: 19/19 MP: 0/0
    88 | D:1      | Reached XP level 2. HP: 21/27 MP: 1/1
   232 | D:1      | Reached skill level 4 in Fighting
   426 | D:1      | Reached skill level 1 in Dodging
   428 | D:1      | Reached XP level 3. HP: 32/33 MP: 2/2
  1059 | D:2      | Reached XP level 4. HP: 41/41 MP: 3/3
  1133 | D:2      | Found Zullerucw's Weapon Shoppe.
  2295 | D:4      | Found an ancient bone altar of Kikubaaqudgha.
  2495 | D:4      | Found a bloodstained altar of Trog.
  2525 | D:4      | Reached XP level 5. HP: 47/47 MP: 4/4
  2544 | D:4      | Found a hazy altar of Hepliaklqana.
  2643 | D:4      | Reached skill level 5 in Fighting
  2644 | D:4      | Found Omodgh Oblue's Jewellery Shoppe.
  2783 | D:4      | Found a staircase to the Ecumenical Temple.
  2800 | D:4      | Found a sacrificial altar of Ru.
  2813 | Temple   | Entered the Ecumenical Temple
  2830 | Temple   | Became a worshipper of Gozag Ym Sagoz the Greedy
  3197 | D:4      | Noticed a black bear
  3205 | D:4      | Killed a black bear
  3206 | D:4      | Reached XP level 6. HP: 55/56 MP: 5/5
  3226 | D:4      | Found an iron altar of Okawaru.
  3282 | D:5      | Entered Level 5 of the Dungeon
  3284 | D:5      | Reached skill level 5 in Maces & Flails
  3303 | D:5      | Noticed a water moccasin
  3315 | D:5      | Killed a water moccasin
  3316 | D:5      | Reached skill level 6 in Fighting
  3627 | D:5      | Reached skill level 5 in Armour
  3627 | D:5      | Reached XP level 7. HP: 52/63 MP: 6/6
  3841 | D:5      | Found a broken altar of Ashenzari.
  4419 | D:6      | Reached skill level 7 in Fighting
  4559 | D:6      | Reached XP level 8. HP: 47/73 MP: 7/7
  4878 | D:6      | Reached skill level 8 in Fighting
  5288 | D:6      | Reached skill level 9 in Fighting
  5288 | D:6      | Reached XP level 9. HP: 76/83 MP: 8/8
  5294 | D:6      | Reached skill level 5 in Dodging
  6302 | D:7      | Found a burning altar of Makhleb.
  6619 | D:7      | Found a blossoming altar of Fedhas.
  6633 | D:7      | Reached skill level 10 in Fighting
  7321 | D:8      | Reached skill level 10 in Maces & Flails
  7779 | D:9      | Reached XP level 10. HP: 50/94 MP: 9/9
  7786 | D:9      | Noticed Prince Ribbit
  8338 | D:9      | Killed Prince Ribbit
  8501 | D:9      | Reached skill level 11 in Fighting
  9928 | D:9      | Reached skill level 12 in Fighting
 10142 | D:9      | Noticed Pikel
 10160 | D:9      | Killed Pikel
 10539 | D:10     | Entered Level 10 of the Dungeon
 11208 | D:10     | Noticed a sixfirhy
 11216 | D:10     | Identified the ring "Locveudgheka" {Contam rElec rC++ rN+++
                  | EV+5}
 11226 | D:10     | Found a one-way gate to the infinite horrors of the Abyss.
 11226 | D:10     | Noticed Brisketman's ghost (journeyman FoIE)
 11229 | D:10     | Noticed a skeletal warrior
 11329 | D:10     | Noticed a cyan ugly thing
 11335 | D:10     | Found a transporter.
 11338 | D:10     | Found a transporter.
 11390 | D:10     | Found a snail-covered altar of Cheibriados.
 11429 | D:10     | Reached XP level 11. HP: 105/105 MP: 10/10
 11708 | D:10     | Found a white marble altar of Elyvilon.
 11961 | D:10     | Noticed a two-headed ogre
 11967 | D:10     | Killed a two-headed ogre
 12046 | D:10     | Found a staircase to the Lair.
 12169 | D:11     | Found a gate leading to a gauntlet.
 12172 | Gauntlet | Entered a Gauntlet
 12172 | Gauntlet | Found a transporter.
 12172 | Gauntlet | Found a runed translucent gate.
 12172 | Gauntlet | Found a transporter.
 12172 | Gauntlet | Found a runed translucent gate.
 12180 | Gauntlet | Found a runed translucent gate.
 12189 | Gauntlet | Found a transporter.
 12189 | Gauntlet | Found a transporter.
 12217 | Gauntlet | Noticed a wizard
 12300 | Gauntlet | Found a transporter.
 12314 | Gauntlet | Noticed a necromancer
 12320 | Gauntlet | Noticed a death yak
 12322 | Gauntlet | Noticed a death yak
 12325 | Gauntlet | Found a transporter.
 12327 | Gauntlet | Noticed a death yak
 12329 | Gauntlet | Noticed a death yak
 12331 | Gauntlet | Noticed a death yak
 12333 | Gauntlet | Noticed a death yak
 12343 | Gauntlet | Found a transporter.
 12351 | Gauntlet | Killed a death yak
 12352 | Gauntlet | Killed a necromancer
 12353 | Gauntlet | Reached skill level 13 in Fighting
 12365 | Gauntlet | Killed a death yak
 12373 | Gauntlet | Killed a death yak
 12374 | Gauntlet | Killed a death yak
 12378 | Gauntlet | Killed a death yak
 12380 | Gauntlet | Killed a death yak
 12639 | Gauntlet | Found a transporter.
 12646 | Gauntlet | Found a transporter.
 12648 | Gauntlet | Noticed a ghost crab
 12648 | Gauntlet | Noticed a hell beast
 12681 | Gauntlet | Noticed a wizard
 12683 | Gauntlet | Found a transporter.
 12684 | Gauntlet | Noticed a wizard
 12691 | Gauntlet | Found a transporter.
 12699 | Gauntlet | Killed a wizard
 12700 | Gauntlet | Reached skill level 10 in Armour
 12713 | Gauntlet | Killed a wizard
 12750 | Gauntlet | Found a transporter.
 12772 | Gauntlet | Identified the +0 leather armour of the Vaults {Rampage
                  | Regen+}
 12772 | Gauntlet | Noticed a minotaur
 12784 | Gauntlet | Killed a minotaur
 12785 | Gauntlet | Reached skill level 14 in Fighting
 13113 | Gauntlet | Got the Almanac of Unfortunate Reformation
 13264 | D:11     | Noticed a purple ugly thing
 13270 | D:11     | Killed a purple ugly thing
 13271 | D:11     | Reached XP level 12. HP: 109/117 MP: 11/11
 13299 | D:11     | Noticed a boulder beetle
 13310 | D:11     | Killed a boulder beetle
 13511 | D:11     | Noticed a two-headed ogre
 13517 | D:11     | Killed a two-headed ogre
 14464 | D:12     | Found a staircase to the Orcish Mines.
 14626 | D:12     | Noticed a two-headed ogre
 14635 | D:12     | Killed a two-headed ogre
 14636 | D:12     | Reached skill level 15 in Fighting
 14669 | D:12     | Found Vekohe's Antique Armour Emporium.
 14737 | D:12     | Noticed a boulder beetle
 14748 | D:12     | Killed a boulder beetle
 14790 | D:12     | You fall into a shaft and drop 1 floor!
 14822 | D:13     | Reached skill level 15 in Maces & Flails
 14856 | D:13     | Noticed a two-headed ogre
 14860 | D:13     | Killed a two-headed ogre
 14860 | D:13     | Noticed a fire dragon
 14872 | D:13     | Killed a fire dragon
 15471 | Lair:1   | Entered Level 1 of the Lair of Beasts
 15472 | Lair:1   | Noticed Maggie
 15482 | Lair:1   | Noticed Erica
 15483 | Lair:1   | Killed Maggie
 15492 | Lair:1   | Killed Erica
 15663 | Lair:1   | Noticed a catoblepas
 15688 | Lair:1   | Killed a catoblepas
 16025 | Lair:1   | Reached XP level 13. HP: 123/128 MP: 12/12
 16293 | Lair:1   | Noticed Amaemon
 16302 | Lair:1   | Killed Amaemon
 16839 | Lair:2   | Reached skill level 16 in Fighting
 16842 | Lair:2   | Reached skill level 10 in Dodging
 17038 | Lair:2   | Found a staircase to the Shoals.
 17784 | Lair:3   | Found a hole to the Spider Nest.
 17834 | Lair:3   | Identified the +2 robe of Osirali {rPois Dex+2}
 18134 | Lair:3   | Reached skill level 17 in Fighting
 19087 | Lair:4   | Reached XP level 14. HP: 125/141 MP: 13/13
 19185 | Lair:4   | Found a staircase to the Slime Pits.
 19185 | Lair:4   | Found a viscous altar of Jiyva.
 19319 | Lair:4   | Reached skill level 18 in Fighting
 20397 | Lair:5   | Entered Level 5 of the Lair of Beasts
 21303 | Lair:5   | Reached skill level 19 in Fighting
 21828 | Lair:5   | Identified the +0 morningstar "Xywy" {holy, rN+ Str+3
                  | Int-2}
 22094 | D:11     | Bought the +7 sceptre of Torment {pain, torment} for 3720
                  | gold pieces
 22094 | D:11     | Found the +7 sceptre of Torment {pain, torment}
 22259 | D:13     | Found a gate to the Vaults.
 23982 | D:14     | Reached XP level 15. HP: 125/155 MP: 14/14
 24161 | D:14     | Reached skill level 20 in Fighting
 24765 | D:14     | Found a white marble altar of Elyvilon.
 24766 | D:14     | Found a glowing golden altar of the Shining One.
 24767 | D:14     | Found a glowing silver altar of Zin.
 25461 | D:15     | Entered Level 15 of the Dungeon
 25474 | D:15     | Noticed Nessos
 25485 | D:15     | Killed Nessos
 25640 | D:15     | Noticed Rupert
 25650 | D:15     | Killed Rupert
 26197 | D:15     | Found a staircase to the Depths.
 26203 | D:15     | Reached skill level 21 in Fighting
 26262 | D:15     | Found Guiplele's Armour Boutique.
 26268 | D:15     | Bought a +2 pair of gloves of infusion for 365 gold pieces
 26307 | D:15     | Found Lutz's General Store.
 26331 | D:15     | Bought the +5 chain mail of Sulele {rCorr Str+7 Int+3 SInv}
                  | for 807 gold pieces
 27066 | D:15     | Gained mutation: Your mind is acute. (Int +4, Str/Dex -1)
                  | [potion of mutation]
 27066 | D:15     | Gained mutation: You are occasionally teleported next to
                  | monsters. [potion of mutation]
 27066 | D:15     | Gained mutation: You have supernaturally acute eyesight.
                  | (SInv) [potion of mutation]
 27067 | D:15     | Lost mutation: Your mind is acute. (Int +4, Str/Dex -1)
                  | [potion of mutation]
 27067 | D:15     | Lost mutation: You are occasionally teleported next to
                  | monsters. [potion of mutation]
 27067 | D:15     | Lost mutation: You have supernaturally acute eyesight.
                  | (SInv) [potion of mutation]
 27067 | D:15     | Gained mutation: You have sharp fingernails. [potion of
                  | mutation]
 27068 | D:15     | Lost mutation: You have sharp fingernails. [potion of
                  | mutation]
 27068 | D:15     | Gained mutation: Your system is resistant to poisons.
                  | (rPois) [potion of mutation]
 27068 | D:15     | Gained mutation: You are weak. (Str -2) [potion of
                  | mutation]
 27068 | D:15     | Gained mutation: You are partially covered in iridescent
                  | scales. (AC +2) [potion of mutation]
 27179 | Orc:1    | Entered Level 1 of the Orcish Mines
 27179 | Orc:1    | Noticed Sonja
 27185 | Orc:1    | Killed Sonja
 27296 | Orc:1    | Noticed Jorgrun
 27307 | Orc:1    | Killed Jorgrun
 27477 | Orc:2    | Entered Level 2 of the Orcish Mines
 27508 | Orc:2    | Found Ylyjia's Antique Weapon Emporium.
 27558 | Orc:2    | Found Odoja's Book Emporium.
 27756 | Orc:2    | Found a bloodstained altar of Trog.
 27846 | Orc:2    | Found Luschyo's General Store.
 28140 | Orc:2    | Found Soujoimm's Antique Armour Emporium.
 28148 | Orc:2    | Bought a runed cloak for 180 gold pieces
 28148 | Orc:2    | Bought a runed plate armour for 624 gold pieces
 28309 | Orc:2    | Found a staircase to the Elven Halls.
 28388 | Orc:1    | Noticed Snorg
 28399 | Orc:1    | Reached XP level 16. HP: 161/168 MP: 6/15
 28399 | Orc:1    | Killed Snorg
 29042 | Shoals:1 | Entered Level 1 of the Shoals
 29044 | Shoals:1 | Found a runed translucent door.
 29044 | Shoals:1 | Found a shimmering altar of Xom.
 29044 | Shoals:1 | Noticed Cufutal's ghost (adept MiHu)
 29068 | Shoals:1 | Reached skill level 22 in Fighting
 29197 | Shoals:2 | HP: 1/169 [drowned by a water nymph (11)]
 29198 | Shoals:2 | Mangled by an alligator snapping turtle

Illustrated notes

Levels and vault maps discovered:
D:1:      dpeg_arrival_lava_temple_mockup, layout_loops_ring,
          minmay_shallow_snake_nest
D:2:      layout_basic, serial_shops, shop
D:3:      layout_basic
D:4:      layout_basic, mainiacjoe_overflow_alcove_4,
          hellmonk_okawaru_the_only_friend_you_need, lemuel_doored_altar,
          mainiacjoe_overflow_swirl, temple_fountains, kennysheep_windowed_goal
D:5:      layout_loops_cross, mainiacjoe_overflow_alcove_2
D:6:      minmay_polygon_palace, layout_cave_pods
D:7:      layout_loops_cross, mainiacjoe_overflow_concentric_impassable,
          fedhas_altar_1, serial_park_tiny_2
D:8:      layout_rooms, roderic_lattice_a
D:9:      layout_basic, kennysheep_generic_room_16, uniq_pikel,
          uniq_prince_ribbit1
D:10:     layout_loops_ring, mainiacjoe_overflow_cross_hatched,
          lemuel_tele_altar, lair_entry_dummy, gammafunk_ghost_abyssal_escape
D:11:     hellmonk_destroyed_diamonds, layout_basic, gauntlet_entry_generic
D:12:     layout_basic, kennysheep_orc_monster_closet_entryway, serial_shops,
          shop
D:13:     layout_loops_ring, david_vaults_2, special_room [special_room_bee],
          nrook_guardian_serpent_ordinary
D:14:     cheibrodos_elevator_heist, layout_stronghold, serial_demonic,
          serial_demonic_b, serial_demonic_e, serial_demonic_a,
          serial_demonic_f, good_gods_temple_1, grunt_decor_cap
D:15:     grunt_enter_depths_magical_seal, layout_loops_cross, serial_shops,
          shop_coins, shop, hangedman_decor_points, beargit_elvish_explorers,
          uniq_rupert, uniq_nessos
Temple:   hellmonk_temple_two_chambers
Lair:1:   layout_regular_city, lemuel_fruit_tree, uniq_amaemon, uniq_maggie,
          uniq_erica
Lair:2:   layout_cave_pods, shoals_dummy_entry, grunt_megastairs_2
Lair:3:   layout_loops_ring, spider_nest_entry_web_field, columned_hall_lemuel
Lair:4:   layout_misc_corridors, minmay_slime_entry_pillars, serial_forest,
          infiniplex_forest_straight_2, infiniplex_forest_pool,
          infiniplex_forest_clump_small, infiniplex_forest_straight_2,
          nzn_random_ring, infiniplex_staircase_pool
Lair:5:   minmay_lair_end_enchanted_forest, layout_regular_city,
          serial_bayou_lake_a
Shoals:1: layout_shoals, ebering_ghost_xom, dpeg_stationary_puzzle
Shoals:2: layout_shoals, abandoned_shop, uniq_polyphemus
Orc:1:    layout_caves, uniq_snorg, uniq_jorgrun, uniq_sonja
Orc:2:    grunt_orc_gardens, layout_caves, grunt_orc_garden, grunt_orc_garden,
          grunt_orc_garden, grunt_orc_garden, basic_altar

Skill      XL: |  1  2  3  4  5  6  7  8  9 10 11 12 13 14 15 16 |
---------------+-------------------------------------------------+-----
Fighting       | 4 5 6 7 9 10 12 14 15 17 19 21 22 | 22.0
Maces & Flails | 3 4 5 7 8 10 12 13 15 17 19 21 | 21.9
Dodging        | 1 2 3 4 6 7 8 9 10 | 10.0
Armour         | 4 5 6 7 9 10 11 | 11.6
Shields        | |  3.6

Action                     |  1- 3 |  4- 6 |  7- 9 | 10-12 | 13-15 | 16-18 || total
---------------------------+-------+-------+-------+-------+-------+-------++-------
  Melee: Flail             |    16 |       |       |       |       |       ||    16
         Headbutt          |     9 |    22 |    74 |   156 |   250 |    10 ||   521
         Whip              |    67 |   122 |   380 |   334 |       |       ||   903
         Mace              |       |       |       |   233 |    29 |       ||   262
         Demon whip        |       |       |       |       |   654 |       ||   654
         Eveningstar       |       |       |       |       |   375 |    56 ||   431
 Invoke: Call Merchant     |       |       |     1 |     1 |       |       ||     2
  Evoke: Wand              |       |       |       |     5 |     1 |     3 ||     9
         Piece from Xom's  |       |       |       |       |       |     2 ||     2
         Phantom mirror    |       |       |       |       |       |     1 ||     1
    Use: Scroll            |       |     3 |     3 |    10 |     5 |     4 ||    25
         Potion            |       |       |     3 |     9 |     3 |     6 ||    21
   Stab: Distracted        |       |       |       |     2 |     6 |     1 ||     9
 Armour: Scale mail        |    30 |    51 |   149 |   101 |       |       ||   331
         Skin              |       |       |    19 |       |       |       ||    19
         Plate armour      |       |       |       |    31 |   223 |       ||   254
         Chain mail        |       |       |       |       |    26 |    31 ||    57
         Storm dragon scal |       |       |       |       |    10 |       ||    10
  Dodge: Dodged            |    44 |    42 |   164 |   231 |   389 |    49 ||   919
  Block: Buckler           |    18 |    24 |    58 |   126 |   347 |    35 ||   608
         Reflection        |       |       |       |     1 |    25 |     8 ||    34

Table legend: (Time is in decaauts)
 A = Elapsed time spent in this place.
 B = Non-inter-level travel time spent in this place.
 C = Inter-level travel time spent in this place.
 D = Time resting spent in this place.
 E = Time spent auto-exploring this place.
 F = Levels seen in this place.
 G = Mean time per level.
                   A        B        C        D        E       F      G
               +--------+--------+--------+--------+--------+-----+--------+
         Total |  28519 |  26966 |   1553 |   4806 |  18385 |  26 | 1096.9 |
       Dungeon |  19325 |  18169 |   1156 |   3536 |  12374 |  15 | 1288.3 |
        Temple |     23 |     18 |      5 |      0 |     12 |   1 |   23.0 |
          Lair |   6365 |   6143 |    222 |    556 |   4714 |   5 | 1273.0 |
        Shoals |    154 |    154 |      0 |     63 |      0 |   2 |   77.0 |
  Orcish Mines |   1692 |   1524 |    168 |      0 |   1285 |   2 |  846.0 |
      Gauntlet |    958 |    958 |      0 |    651 |      0 |   1 |  958.0 |
               +--------+--------+--------+--------+--------+-----+--------+

Top non-repeatable levels by time:
    D:13: 2002 daAuts
     D:8: 1990 daAuts
     D:9: 1875 daAuts
     D:6: 1780 daAuts
    D:15: 1635 daAuts
  Lair:4: 1568 daAuts
    D:14: 1504 daAuts
  Lair:5: 1500 daAuts
  Lair:1: 1382 daAuts
    D:11: 1315 daAuts
     D:4: 1054 daAuts
     D:5: 1053 daAuts
  Lair:3: 1041 daAuts
    D:10: 1002 daAuts
   Orc:2: 971 daAuts
